Map: Frozen Temple

Players

Miszu

  • Race: Zerg Zerg
  • League: Master

Abricoragzi - Winner!

  • Race: Terran Terran
  • League: Master

VOD

Have the link to the VOD?

Description

Time

  • Played on: June 27, 2016, 8:22 p.m.
  • Length: 8:41
Show
View Real Time Build Order
Export as new Build Order

Miszu Zerg 

Build Orders: Pool First 

Get SALT Encoding   

  12  0:00  Drone  
  13  0:10  Drone  
  14  0:18  Overlord  
  14  0:25  Extractor, Drone  
  15  0:36  Drone x2  
  17  0:46  Drone  
  18  0:57  Drone  
  18  0:58  Spawning Pool  
  18  1:15  Hatchery  
  17  1:19  Extractor  
  17  1:21  Drone  
  17  1:36  Overlord  
  17  1:45  Queen  
  20  1:47  Zergling x4  
  21  1:56  Drone  
  21  1:59  Drone  
  23  2:09  Drone  
  26  2:27  Queen  
  28  2:31  Pneumatized Carapace  
  28  2:35  Drone x3  
  29  2:38  Drone  
  30  2:48  Drone  
  31  2:58  Extractor  
  29  3:00  Drone x5  
  34  3:18  Metabolic Boost  
  33  3:23  Drone x2  
  33  3:24  Overlord  
  34  3:35  Drone  
  34  3:37  Hatchery  
  34  3:39  Drone  
  35  3:48  Roach Warren  
  34  3:50  Drone x5  
  39  4:00  Drone x4  
  39  4:01  Drone  
  44  4:03  Extractor  
  44  4:05  Extractor  
  42  4:11  Drone  
  42  4:16  Drone  
  44  4:31  Drone x2, Evolution Chamber x2  
  44  4:32  Overlord x3  
  44  4:42  Lair  
  44  4:50  Roach x5  
  44  4:52  Roach  
  56  4:55  Roach  
  58  5:01  Zerg Missile Weapons Level 1  
  58  5:03  Zerg Ground Armor Level 1  
  58  5:06  Roach  
  60  5:08  Roach  
  60  5:12  Roach  
  64  5:24  Roach  
  64  5:25  Roach x3  
  68  5:31  Roach x2  
  72  5:37  Overlord x3  
  72  5:46  Glial Reconstitution  
  72  5:47  Extractor  
  65  6:04  Ravager x2  
  67  6:05  Overlord x2  
  67  6:06  Overlord  
  51  6:22  Roach  
  51  6:23  Roach x7  
  55  6:29  Roach x3  
  50  6:33  Roach  
  36  7:03  Roach  
  36  7:04  Roach x4  
  44  7:26  Ravager x2  
  44  7:29  Roach x2  
  50  7:33  Roach  
  50  7:35  Roach  
  54  7:45  Ravager  
  54  7:47  Roach  
  55  8:00  Roach  
Show
View Real Time Build Order
Export as new Build Order

Abricoragzi Terran - Winner!

Build Orders: Reaper Expand, MMM Bio 

Get SALT Encoding   

  12  0:00  SCV  
  13  0:12  SCV  
  14  0:22  Supply Depot  
  14  0:24  SCV  
  15  0:43  SCV  
  15  0:45  Barracks  
  15  0:47  Refinery  
  16  0:55  SCV  
  17  1:07  SCV  
  18  1:20  SCV  
  19  1:32  Orbital Command  
  19  1:35  Reaper  
  20  1:45  Command Center  
  20  1:58  Supply Depot, SCV  
  21  2:07  Barracks Reactor  
  21  2:11  SCV  
  21  2:15  Barracks  
  22  2:24  Barracks  
  22  2:26  SCV  
  23  2:38  SCV  
  23  2:39  Factory  
  23  2:43  Marine x2  
  27  2:51  SCV  
  26  3:01  Marine x2  
  26  3:03  SCV  
  28  3:15  Orbital Command  
  28  3:20  Barracks Tech Lab  
  28  3:23  Barracks Reactor  
  28  3:26  SCV  
  28  3:35  Barracks Reactor  
  28  3:38  SCV  
  28  3:39  Hellion x2  
  33  3:43  SCV  
  34  3:49  Marine  
  34  3:50  SCV  
  37  3:55  SCV  
  37  3:57  Stimpack  
  37  4:01  Supply Depot  
  37  4:02  SCV  
  38  4:03  Hellion  
  38  4:06  Marine  
  38  4:07  Marine x2, SCV  
  44  4:11  Supply Depot  
  44  4:12  Supply Depot, Marine x2  
  46  4:18  Supply Depot  
  46  4:24  Marine x2  
  46  4:26  Marine  
  46  4:28  Armory  
  46  4:29  Marine  
  50  4:37  Marine  
  51  4:39  Hellion x2  
  51  4:41  Supply Depot  
  51  4:42  SCV x2  
  57  4:47  Marine  
  57  4:51  Marine x2  
  62  4:52  Marauder  
  62  4:54  SCV  
  62  4:59  Bunker, SCV  
  64  5:04  Marine, Hellion x2  
  70  5:07  Supply Depot, SCV  
  70  5:08  Marine  
  71  5:14  Marine  
  71  5:15  Marine  
  71  5:16  Supply Depot  
  71  5:17  SCV  
  71  5:19  SCV  
  73  5:22  Marine  
  73  5:24  Marine  
  73  5:26  Marine  
  75  5:29  SCV  
  75  5:32  Marine, SCV  
  75  5:39  Refinery  
  75  5:40  Refinery  
  75  5:41  Starport, Refinery  
  75  5:44  Marine  
  75  5:45  Hellion  
  75  5:46  Hellion  
  75  5:48  SCV  
  81  5:51  Marine, Marauder  
  81  5:52  Marine  
  81  5:53  Marine  
  76  6:02  SCV  
  77  6:04  Marine  
  77  6:07  Hellion  
  77  6:09  SCV  
  77  6:10  Marine  
  81  6:14  Marine  
  81  6:16  Marine  
  76  6:23  Marine  
  74  6:27  Marine  
  74  6:30  Starport Reactor, Combat Shields  
  74  6:31  SCV  
  74  6:32  SCV  
  74  6:34  Command Center  
  74  6:38  Marine x2  
  76  6:44  SCV x2  
  76  6:47  Marine  
  73  6:56  SCV  
  73  6:57  SCV  
  73  7:00  Marine  
  73  7:01  Marauder  
  72  7:03  Marine  
  72  7:08  SCV  
  66  7:09  SCV  
  66  7:10  Medivac x2  
  65  7:20  SCV  
  65  7:22  Marauder  
  68  7:23  Engineering Bay, Marine x2  
  68  7:24  Engineering Bay  
  70  7:33  Factory Tech Lab  
  70  7:37  Barracks  
  70  7:38  Marine  
  70  7:39  Factory  
  70  7:40  Medivac x2  
  75  7:45  Barracks  
  75  7:47  SCV  
  75  7:48  Orbital Command  
  75  7:49  Concussive Shells  
  75  7:50  Marine  
  75  7:51  Marine, Marauder  
  79  8:12  Marine, Marauder  
  74  8:16  Marine  
  69  8:23  SCV  
Tags
 
Add a new tag
Caveats
  • Supply blocks, unpowered buildings, or Contaminate may cause inaccurate times.
  • Supply counts are checked every 10 seconds.